 Dungeon Crawl Stone Soup version 0.31.0-7-gf635a9b802 (webtiles) character file.

Game seed: 3878907387711522294

1317 JustSomeDude the Trooper (level 8, -6/62 HPs)
             Began as a Demonspawn Monk on Jan 23, 2024.
             Was a Priest of Dithmenos.
             Mangled by a gnoll
             ... wielding a +2 halberd of venom
             ... led by a gnoll bouda
              (11 damage)
             ... on level 6 of the Dungeon.
             The game lasted 00:20:07 (3715 turns).

JustSomeDude the Trooper (Demonspawn Monk)          Turns: 3715, Time: 00:20:08

Health: -6/62      AC:  8    Str: 11    XL:     8   Next: 33%
Magic:  8/8        EV: 12    Int: 12    God:    Dithmenos [***...]
Gold:   270        SH:  0    Dex: 17    Spells: 7/7 levels left

rFire   . . .        k - +0 short sword (venom)
rCold   . . .        (no shield)
rNeg    . . .        v - +2 ring mail {Will+}
rPois   .            (no helmet)
rElec   .            (no cloak)
rCorr   .            (no gloves)
SInv    .            (no boots)
Will    +....        B - amulet of regeneration
Stlth   ++           (no ring)
HPRegen 1.10/turn    (no ring)
MPRegen 0.11/turn

%: no passive effects
@: lethally poisoned (-6 -> -8), wreathed by umbra
A: rugged brown scales 1, spiny 1, demonic magic 1
a: Renounce Religion, Shadow Step


You were on level 6 of the Dungeon.
You worshipped Dithmenos.
Dithmenos was most pleased with you.
You visited 1 branch of the dungeon, and saw 6 of its levels.

You collected 270 gold pieces.

Inventory:

Hand Weapons
 a - a +0 spear
 k - a +0 short sword of venom (weapon)
 q - a +2 dagger of protection
 x - a +0 trident
 I - the +1 hand axe of Bastreac {venom, rF- Str+4}
   (You found it on level 5 of the Dungeon)

   Str+4:     It affects your strength (+4).
   rF-:       It makes you vulnerable to fire.
Missiles
 J - a throwing net (quivered)
Armour
 b - a +0 robe
 d - an orb of light
 m - a +0 leather armour
 v - a +2 ring mail of willpower (worn)
Jewellery
 f - a ring of wizardry
 B - an amulet of regeneration (around neck)
 C - a ring of flight
 D - a ring of willpower
 G - a ring of willpower
 L - an amulet of guardian spirit
Talismans
 u - a blade talisman
Wands
 y - a wand of polymorph (10)
 E - a wand of acid (8)
Scrolls
 h - 5 scrolls of identify
 i - a scroll of noise {unknown}
 l - 2 scrolls of revelation {unknown}
 n - a scroll of fear {unknown}
 o - 2 scrolls of teleportation {unknown}
 p - a scroll of enchant weapon {unknown}
 s - a scroll of brand weapon {unknown}
 w - a scroll of immolation {unknown}
 F - a scroll of torment {unknown}
 K - a scroll of vulnerability {unknown}
 M - a scroll of enchant armour {unknown}
Potions
 c - a potion of ambrosia
 e - a potion of brilliance {unknown}
 g - a potion of magic {unknown}
 j - a potion of curing
 r - a potion of lignification {unknown}
 t - a potion of invisibility {unknown}
 z - a potion of might {unknown}
 A - 2 potions of mutation {unknown}
 H - a potion of resistance {unknown}
 N - a potion of heal wounds {unknown}


   Skills:
 + Level 4.9 Fighting
 + Level 4.0 Short Blades
 - Level 4.7 Polearms
 + Level 4.3 Armour
 + Level 4.1 Dodging
 + Level 2.8 Stealth


You had 7 spell levels left.
You didn't know any spells.
Your spell library contained the following spells:

 Spells                   Type           Power      Damage    Failure   Level
 Sandblast                Erth           0%         2d4       58%         1
 Lesser Beckoning         Tloc           0%         N/A       73%         2
 Gell's Gravitas          Tloc           0%         N/A       91%         3
 Passwall                 Erth           0%         N/A       91%         3
 Stone Arrow              Conj/Erth      0%         3d7       91%         3
 Teleport Other           Tloc           0%         N/A       91%         3
 Brom's Barrelling Bould  Conj/Erth      0%         2d3       100%        4


Dungeon Overview and Level Annotations

Branches:
Dungeon (6/15)             Temple (0/1) D:6

Altars:
Dithmenos
Trog

Shops:
D:2 !   D:6 ?


Innate Abilities, Weirdness & Mutations

You are partially covered in rugged brown scales. (AC +1, +3% HP)
You are partially covered in sharp spines.
Spells you cast may paralyse adjacent enemies.


Message History

The gnoll hits you from afar with a +2 halberd of venom!
* * * LOW HITPOINT WARNING * * *
You are more poisoned.
Okay, then.
You feel better. The gnoll barely misses you.
The gnoll hits you from afar with a +2 halberd of venom!
* * * LOW HITPOINT WARNING * * *
You are lethally poisoned!
You feel better. The gnoll misses you.
The gnoll hits you from afar with a +2 halberd of venom!
* * * LOW HITPOINT WARNING * * *
You are lethally poisoned!
You are confused.
You feel invigorated.
* * * LOW HITPOINT WARNING * * *
You feel very sick.
You kill the gnoll!
Dithmenos accepts your kill. The gnoll closely misses you.
You bump into the rock wall.
* * * LOW HITPOINT WARNING * * *
You feel very sick. The gnoll hits you but does no damage.
You are more poisoned.
* * * LOW HITPOINT WARNING * * *
You feel very sick. The gnoll attacks as it pursues you!
The gnoll hits you from afar with a +2 halberd of venom.
* * * LOW HITPOINT WARNING * * *
You see here a +2 vampiric halberd.
* * * LOW HITPOINT WARNING * * *
You feel very sick.
You bump into the rock wall.
* * * LOW HITPOINT WARNING * * *
You feel very sick.
You bump into the rock wall.
You feel less invigorated.
You feel less confused.
You feel very sick.
The gnoll hits you from afar with a +2 halberd of venom!
You die...

....... ..>..⌠
..g.. #...# #.⌠.#
##...#####. ###
#....#.....
.....#######.....#
.#
........@)g)..#..##
..# .....#######..#
..#..# ###
#####..##..#.#
#.......#....#
#.#####......#
##...#.# ###..##
#####.>...#
#.........###..


You could see a gnoll.

Vanquished Creatures
  An ice beast (D:6)
  A black bear (D:4)
  3 ogres
  A phantom (D:5)
  A scorpion (D:5)
  4 bombardier beetles
  2 jellies
  An orc priest (D:4)
  2 gnoll boudas
  A hound (D:4)
  Natasha (thrice) (D:4)
  3 iguanas
  An orc wizard (D:4)
  Terence (D:3)
  9 gnolls
  4 adders
  A white imp (D:6)
  A ribbon worm (D:2)
  3 dart slugs
  15 orcs
  5 bats
  7 endoplasms
  5 giant cockroaches
  10 goblins
  4 hobgoblins
  7 jackals
  4 quokkas
  7 ball pythons
  A frilled lizard (D:3)
  6 kobolds
  8 rats
122 creatures vanquished.

Notes
Turn   | Place    | Note
-------+----------+-------------------------------------------
     0 | D:1      | JustSomeDude the Demonspawn Monk began the quest for the
                  | Orb.
     0 | D:1      | Reached XP level 1. HP: 18/18 MP: 1/1
   283 | D:1      | Gained mutation: Spells you cast may paralyse adjacent
                  | enemies. [demonic ancestry]
   283 | D:1      | Reached XP level 2. HP: 24/24 MP: 2/2
   743 | D:2      | Gained mutation: You are partially covered in rugged brown
                  | scales. (AC +1, +3% HP) [demonic ancestry]
   743 | D:2      | Reached XP level 3. HP: 22/29 MP: 3/3
  1090 | D:2      | Found Oxou's Distillery.
  1496 | D:3      | Gained mutation: You are partially covered in sharp spines.
                  | [demonic ancestry]
  1496 | D:3      | Reached XP level 4. HP: 8/38 MP: 4/4
  1724 | D:3      | Reached skill level 1 in Armour
  1757 | D:3      | Noticed Terence
  1774 | D:3      | Killed Terence
  2030 | D:4      | Reached XP level 5. HP: 22/43 MP: 5/5
  2220 | D:4      | Noticed a black bear
  2366 | D:4      | Reached XP level 6. HP: 49/49 MP: 6/6
  2399 | D:4      | Found a shadowy altar of Dithmenos.
  2399 | D:4      | Noticed Natasha
  2409 | D:4      | Killed Natasha
  2411 | D:4      | Became a worshipper of Dithmenos the Shadowed
  2411 | D:4      | Reached * piety under Dithmenos
  2411 | D:4      | Reached ** piety under Dithmenos
  2570 | D:4      | Reached skill level 1 in Short Blades
  2570 | D:4      | Reached skill level 1 in Stealth
  2726 | D:4      | Noticed Natasha
  2733 | D:4      | Killed Natasha
  2786 | D:4      | Reached XP level 7. HP: 49/55 MP: 7/7
  2954 | D:4      | Noticed Natasha
  2966 | D:4      | Killed Natasha
  2972 | D:5      | Entered Level 5 of the Dungeon
  3046 | D:5      | Identified the +1 hand axe of Bastreac {venom, rF- Str+4}
  3153 | D:5      | Found a bloodstained altar of Trog.
  3311 | D:5      | Reached XP level 8. HP: 29/62 MP: 8/8
  3649 | D:6      | Found Noyfar's Magic Scroll Shoppe.
  3676 | D:6      | Found a staircase to the Ecumenical Temple.
  3698 | D:6      | Reached *** piety under Dithmenos
  3707 | D:6      | HP: 3/62 [gnoll/+2 halberd of venom[a gnoll bouda] (9)]
  3709 | D:6      | HP: 1/62 [gnoll/+2 halberd of venom[a gnoll bouda] (9)]
  3715 | D:6      | Mangled by a gnoll

Illustrated notes

Levels and vault maps discovered:
D:1:      saegor_arrival_fortress, layout_basic, nrook_mini_vaults
D:2:      layout_basic, serial_shops,
          nicolae_shop_temple_entry_statues_fountains
D:3:      layout_basic, hex_large, uniq_terence
D:4:      layout_rooms, mainiacjoe_overflow_24_doors, uniq_natasha
D:5:      layout_cave_pools, mainiacjoe_overflow_alcove_1
D:6:      layout_rooms, minmay_temple_entry_junction, serial_shops, shop,
          corexii_shack, nicolae_benzene_ring, nrook_loot_triangle,
          nicolae_fountain_basement

Skill      XL: |  1  2  3  4  5  6  7  8 |
---------------+-------------------------+-----
Polearms       | 3 4 |  4.7
Dodging        | 3 4 |  4.1
Armour         | 1 2 3 4 |  4.3
Fighting       | 4 |  4.9
Short Blades   | 1 3 4 |  4.0
Stealth        | 1 2 |  2.8

Action                     |  1- 3 |  4- 6 |  7- 9 || total
---------------------------+-------+-------+-------++-------
  Melee: Spear             |   154 |    78 |       ||   232
         Short sword       |       |    39 |   135 ||   174
         Trident           |       |     5 |       ||     5
         Punch             |       |       |     2 ||     2
    Use: Scroll            |       |       |     1 ||     1
         Potion            |       |       |     4 ||     4
   Stab: Sleeping          |       |       |     2 ||     2
 Armour: Robe              |    11 |       |       ||    11
         Leather armour    |    41 |    20 |       ||    61
         Ring mail         |       |    34 |    66 ||   100
  Dodge: Dodged            |    79 |    54 |    78 ||   211
